TOP OF THE 1ST |
---|
Washington DC Hot Sauce batting - Pitching for Rancho Cucamonga Sick Monkeys : LHP Tim Sanders | Pitching: LHP Tim Sanders | | Batting: RHB Daniel Pineda | 0-0: Swinging Strike 0-1: Fly out, F8 (Flyball, 8RD) | Batting: RHB Tim Church | 0-0: Ball 1-0: Ball 2-0: Called Strike 2-1: Swinging Strike 2-2: Strikes out swinging | Batting: RHB Kenny Miller | 0-0: Called Strike 0-1: Ball 1-1: Foul Ball, location: 2F 1-2: Strikes out swinging | Top of the 1st over - 0 runs, 0 hits, 0 errors, 0 left on base; Washington DC 0 - Rancho Cucamonga 0 | BOTTOM OF THE 1ST |
---|
Rancho Cucamonga Sick Monkeys batting - Pitching for Washington DC Hot Sauce : RHP Joel Ortega | Pitching: RHP Joel Ortega | | Batting: SHB Jimmy Mayer | 0-0: Called Strike 0-1: Fly out, F8 (Flyball, 8LM) | Batting: LHB Kevin Hatcher | 0-0: Called Strike 0-1: Swinging Strike 0-2: Foul Ball, location: 2F 0-2: Ball 1-2: Ball 2-2: Strikes out looking | Batting: LHB Ed Ballard | 0-0: SINGLE (Groundball, 4MD) | Batting: LHB Terry Barton | 0-0: Ball 1-0: Called Strike 1-1: Fly out, F8 (Flyball, 8LD) | Bottom of the 1st over - 0 runs, 1 hit, 0 errors, 1 left on base; Washington DC 0 - Rancho Cucamonga 0 | TOP OF THE 2ND |
---|
Washington DC Hot Sauce batting - Pitching for Rancho Cucamonga Sick Monkeys : LHP Tim Sanders | Batting: RHB Nelson Wright | 0-0: Fly out, F3 (Line Drive, 34) | Batting: RHB José Isla | 0-0: Ball 1-0: Ball 2-0: Ball 3-0: Called Strike 3-1: Base on Balls | Batting: RHB Jesús García | 0-0: Called Strike 0-1: Ball 1-1: Ball 2-1: Fly out, F9 (Flyball, 9D) | Batting: RHB Mark Roy | 0-0: Foul Ball, location: 2F 0-1: Ball 1-1: Foul Ball, location: 2F 1-2: Ball 2-2: Ground out 3-1 (Groundball, 34) | Top of the 2nd over - 0 runs, 0 hits, 0 errors, 1 left on base; Washington DC 0 - Rancho Cucamonga 0 | BOTTOM OF THE 2ND |
---|
Rancho Cucamonga Sick Monkeys batting - Pitching for Washington DC Hot Sauce : RHP Joel Ortega | Batting: RHB Hank Brown | 0-0: Ball 1-0: Swinging Strike 1-1: Foul Ball, location: 2F 1-2: Ground out 5-3 (Groundball, 5) | Batting: SHB Paco Estrada | 0-0: Called Strike 0-1: Ball 1-1: Ball 2-1: Called Strike 2-2: Ball 3-2: Ground out 6-3 (Groundball, 6D) | Batting: LHB Clarence Bowen | 0-0: Ball 1-0: Called Strike 1-1: Ball 2-1: Ball 3-1: Called Strike 3-2: SINGLE (Line Drive, 9S) | Batting: RHB Rod Zamora | 0-0: Ball 1-0: Ball 2-0: Ball 3-0: Called Strike 3-1: Base on Balls Clarence Bowen to second | Batting: RHB Mike Cooley | 0-0: Foul Ball, location: 2F 0-1: Ball 1-1: Fly out, F7 (Line Drive, 7) | Bottom of the 2nd over - 0 runs, 1 hit, 0 errors, 2 left on base; Washington DC 0 - Rancho Cucamonga 0 | TOP OF THE 3RD |
---|
Washington DC Hot Sauce batting - Pitching for Rancho Cucamonga Sick Monkeys : LHP Tim Sanders | Batting: LHB Gus Price | 0-0: Ball 1-0: Hit by Pitch | Batting: SHB Jared Calhoun | 0-0: Called Strike 0-1: Ball 1-1: Swinging Strike 1-2: Foul Ball, location: 2F 1-2: Strikes out swinging | Batting: RHB Daniel Pineda | 0-0: Ball 1-0: Foul Ball, location: 2F 1-1: Ball 2-1: Ball 3-1: Swinging Strike 3-2: Strikes out looking Gus Price steals 2nd base Batter strikes out. | Batting: RHB Tim Church | 0-0: Ball 1-0: Ball 2-0: Ball 3-0: Called Strike 3-1: Called Strike 3-2: SINGLE (Line Drive, 6MD) Gus Price to third Gus Price scores | Batting: RHB Kenny Miller | 0-0: Ball 1-0: Ball 2-0: Ball 3-0: Base on Balls Tim Church to second | Batting: RHB Nelson Wright | 0-0: Swinging Strike 0-1: Swinging Strike 0-2: Strikes out swinging | Top of the 3rd over - 1 run, 1 hit, 0 errors, 2 left on base; Washington DC 1 - Rancho Cucamonga 0 | BOTTOM OF THE 3RD |
---|
Rancho Cucamonga Sick Monkeys batting - Pitching for Washington DC Hot Sauce : RHP Joel Ortega | Batting: SHB Jimmy Mayer | 0-0: Ground out U3 (Groundball, 34) | Batting: LHB Kevin Hatcher | 0-0: Ball 1-0: Ball 2-0: Ball 3-0: Called Strike 3-1: Base on Balls | Batting: LHB Ed Ballard | 0-0: Fly out, F7 (Flyball, 7LD) | Batting: LHB Terry Barton | 0-0: Called Strike 0-1: SINGLE (Flyball, 78S) Kevin Hatcher to second | Batting: RHB Hank Brown | 0-0: SINGLE (Groundball, 56D) Kevin Hatcher to third Terry Barton to second Runner from 3rd tries for Home, SAFE, no throw | Batting: SHB Paco Estrada | 0-0: Ball 1-0: Called Strike 1-1: Hit by Pitch Terry Barton to third Hank Brown to second | Batting: LHB Clarence Bowen | 0-0: Ball 1-0: Fielders Choice at 2nd, 5-4 (Groundball, 5) | Bottom of the 3rd over - 1 run, 2 hits, 0 errors, 3 left on base; Washington DC 1 - Rancho Cucamonga 1 | TOP OF THE 4TH |
---|
Washington DC Hot Sauce batting - Pitching for Rancho Cucamonga Sick Monkeys : LHP Tim Sanders | Batting: RHB José Isla | 0-0: Foul Ball, location: 2F 0-1: SINGLE (Groundball, 6D) | Batting: RHB Jesús García | 0-0: Ball 1-0: SINGLE (Flyball, 9LS) José Isla to second Runner from 2nd tries for 3rd, SAFE, no throw | Batting: RHB Mark Roy | 0-0: Foul Ball, location: 2F 0-1: Ball 1-1: Called Strike 1-2: Ball 2-2: Strikes out swinging | Batting: LHB Gus Price | 0-0: Fly out, F7 (Flyball, 7LSF) Runner from 3rd tags up, SCORES, no throw | Batting: SHB Jared Calhoun | 0-0: Called Strike 0-1: Foul Ball, location: 2F 0-2: Ball 1-2: Strikes out swinging | Top of the 4th over - 1 run, 2 hits, 0 errors, 1 left on base; Washington DC 2 - Rancho Cucamonga 1 | BOTTOM OF THE 4TH |
---|
Rancho Cucamonga Sick Monkeys batting - Pitching for Washington DC Hot Sauce : RHP Joel Ortega | Batting: RHB Rod Zamora | 0-0: Ball 1-0: Called Strike 1-1: Ball 2-1: Ground out 1-3 (Groundball, P) | Batting: RHB Mike Cooley | 0-0: Fly out, F8 (Flyball, 8RD) | Batting: SHB Jimmy Mayer | 0-0: Foul Ball, location: 2F 0-1: Ball 1-1: Ball 2-1: Fly out, F7 (Flyball, 78D) | Bottom of the 4th over - 0 runs, 0 hits, 0 errors, 0 left on base; Washington DC 2 - Rancho Cucamonga 1 | TOP OF THE 5TH |
---|
Washington DC Hot Sauce batting - Pitching for Rancho Cucamonga Sick Monkeys : LHP Tim Sanders | Batting: RHB Daniel Pineda | 0-0: Called Strike 0-1: Called Strike 0-2: Strikes out swinging | Batting: RHB Tim Church | 0-0: Swinging Strike 0-1: Swinging Strike 0-2: Ball 1-2: Foul Ball, location: 2F 1-2: Strikes out swinging | Batting: RHB Kenny Miller | 0-0: Ball 1-0: Foul Ball, location: 2F 1-1: Foul Ball, location: 2F 1-2: Ball 2-2: Ground out 5-3 (Groundball, 56S) | Top of the 5th over - 0 runs, 0 hits, 0 errors, 0 left on base; Washington DC 2 - Rancho Cucamonga 1 | BOTTOM OF THE 5TH |
---|
Rancho Cucamonga Sick Monkeys batting - Pitching for Washington DC Hot Sauce : RHP Joel Ortega | Batting: LHB Kevin Hatcher | 0-0: Ball 1-0: Ball 2-0: SINGLE (Flyball, 8LS) | Batting: LHB Ed Ballard | 0-0: Ball 1-0: Swinging Strike 1-1: Foul Ball, location: 2F 1-2: Foul Ball, location: 2F 1-2: Foul Ball, location: 2F 1-2: SINGLE (Line Drive, 8RS) Kevin Hatcher to second | Batting: LHB Terry Barton | 0-0: Ball 1-0: Ball 2-0: Called Strike 2-1: Ball 3-1: Called Strike 3-2: Strikes out swinging | Batting: RHB Hank Brown | 0-0: Ball 1-0: Called Strike 1-1: Fly out, F2 (Popup, 25F) | Batting: SHB Paco Estrada | 0-0: Called Strike 0-1: Ball 1-1: Ball 2-1: SINGLE (Line Drive, 8RM) Kevin Hatcher to third Ed Ballard to second | Pitching: RHP Jason Rose | | Batting: LHB Clarence Bowen | 0-0: Fly out, F9 (Flyball, 89S) | Bottom of the 5th over - 0 runs, 3 hits, 0 errors, 3 left on base; Washington DC 2 - Rancho Cucamonga 1 | TOP OF THE 6TH |
---|
Washington DC Hot Sauce batting - Pitching for Rancho Cucamonga Sick Monkeys : LHP Tim Sanders | Batting: RHB Nelson Wright | 0-0: Ball 1-0: Ball 2-0: Called Strike 2-1: Fly out, F7 (Flyball, 78S) | Batting: RHB José Isla | 0-0: Ball 1-0: Foul Ball, location: 2F 1-1: Ball 2-1: Foul Ball, location: 2F 2-2: Ball 3-2: SINGLE (Flyball, 89S) - OUT at second base trying to stretch hit. | Batting: RHB Jesús García | 0-0: Ground out 5-3 (Groundball, 56S) | Top of the 6th over - 0 runs, 1 hit, 0 errors, 0 left on base; Washington DC 2 - Rancho Cucamonga 1 | BOTTOM OF THE 6TH |
---|
Rancho Cucamonga Sick Monkeys batting - Pitching for Washington DC Hot Sauce : RHP Jason Rose | Batting: RHB Rod Zamora | 0-0: Called Strike 0-1: Called Strike 0-2: Ball 1-2: Foul Ball, location: 2F 1-2: Foul Ball, location: 2F 1-2: Strikes out swinging | Batting: RHB Mike Cooley | 0-0: Ball 1-0: Ball 2-0: Called Strike 2-1: Fly out, F3 (Popup, 23F) | Batting: SHB Jimmy Mayer | 0-0: Called Strike 0-1: Ball 1-1: Ground out 4-3 (Groundball, 4) | Bottom of the 6th over - 0 runs, 0 hits, 0 errors, 0 left on base; Washington DC 2 - Rancho Cucamonga 1 | TOP OF THE 7TH |
---|
Washington DC Hot Sauce batting - Pitching for Rancho Cucamonga Sick Monkeys : LHP Tim Sanders | Pitching: RHP António Castillo | | Batting: RHB Mark Roy | 0-0: Ball 1-0: Ball 2-0: Fly out, F8 (Flyball, 8RS) | Pitching: LHP Juan Valentín | | Batting: LHB Gus Price | 0-0: Ball 1-0: Fly out, F9 (Flyball, 89S) | Pitching: RHP Clyde Fisher | | Batting: SHB Jared Calhoun | 0-0: Ball 1-0: SINGLE (Groundball, 6MD) | Pinch Hitting: LHB Myron Reynolds | 0-0: Ball 1-0: Ball 2-0: Ball 3-0: Called Strike 3-1: Fly out, F8 (Flyball, 8LD) | Top of the 7th over - 0 runs, 1 hit, 0 errors, 1 left on base; Washington DC 2 - Rancho Cucamonga 1 | BOTTOM OF THE 7TH |
---|
Rancho Cucamonga Sick Monkeys batting - Pitching for Washington DC Hot Sauce : RHP Jason Rose | Pitching: LHP Brett French | | Now in LF: Myron Reynolds | | Batting: LHB Kevin Hatcher | 0-0: Foul Ball, location: 2F 0-1: Ball 1-1: Swinging Strike 1-2: Fly out, F5 (Popup, 56S) | Batting: LHB Ed Ballard | 0-0: Called Strike 0-1: Reached on error, E3 (Groundball, 3) | Batting: LHB Terry Barton | 0-0: Called Strike 0-1: Ball 1-1: Ball 2-1: Swinging Strike 2-2: Foul Ball, location: 2F 2-2: Strikes out swinging | Pitching: RHP Chris Horne | | Batting: RHB Hank Brown | 0-0: Called Strike Ed Ballard is caught stealing 2nd base | Bottom of the 7th over - 0 runs, 0 hits, 1 error, 0 left on base; Washington DC 2 - Rancho Cucamonga 1 | TOP OF THE 8TH |
---|
Washington DC Hot Sauce batting - Pitching for Rancho Cucamonga Sick Monkeys : RHP Clyde Fisher | Pitching: RHP Juan Rosário | | Batting: RHB Tim Church | 0-0: Ball 1-0: Ball 2-0: Called Strike 2-1: Ball 3-1: Fly out, F6 (Line Drive, 6MD) | Batting: RHB Kenny Miller | 0-0: Ball 1-0: Ball 2-0: Ball 3-0: Called Strike 3-1: SINGLE (Line Drive, 8LS) | Batting: RHB Nelson Wright | 0-0: Ball 1-0: Ball 2-0: Swinging Strike 2-1: Called Strike 2-2: Strikes out swinging | Batting: RHB José Isla | 0-0: Foul Ball, location: 2F 0-1: Ball 1-1: Ball 2-1: Fielders Choice at 2nd, 6-4 (Groundball, 6) | Top of the 8th over - 0 runs, 1 hit, 0 errors, 1 left on base; Washington DC 2 - Rancho Cucamonga 1 | BOTTOM OF THE 8TH |
---|
Rancho Cucamonga Sick Monkeys batting - Pitching for Washington DC Hot Sauce : RHP Chris Horne | Now at 1B: Larry O'Sheill | | Batting: RHB Hank Brown | 0-0: Called Strike 0-1: Ground out 4-3 (Groundball, 34S) | Batting: SHB Paco Estrada | 0-0: Foul Ball, location: 2F 0-1: DOUBLE (Line Drive, 7LS) | Pitching: RHP Lyndon Dixon | | Batting: LHB Clarence Bowen | 0-0: Called Strike 0-1: Swinging Strike 0-2: Ground out 6-3 (Groundball, 6M) Paco Estrada to third | Batting: RHB Rod Zamora | 0-0: Ball 1-0: Ball 2-0: Ball 3-0: Base on Balls | Pinch Hitting: LHB Caden Cleveland | 0-0: Ball 1-0: Swinging Strike 1-1: Ball 2-1: Fly out, F9 (Flyball, 9) | Bottom of the 8th over - 0 runs, 1 hit, 0 errors, 2 left on base; Washington DC 2 - Rancho Cucamonga 1 | TOP OF THE 9TH |
---|
Washington DC Hot Sauce batting - Pitching for Rancho Cucamonga Sick Monkeys : RHP Juan Rosário | Now in RF: Caden Cleveland | | Batting: RHB Jesús García | 0-0: DOUBLE (Line Drive, 7LS) | Pinch Hitting: RHB Martín Flores | 0-0: Intentional Walk | Batting: LHB Gus Price | 0-0: Bunt missed! 0-1: Ball 1-1: Reached on error, E1 (Groundball, 13S) Jesús García to third Martín Flores to second | Batting: SHB Jared Calhoun | 0-0: Ball 1-0: Fly out, F7 (Line Drive, 7D) Runner from 3rd tags up, SCORES, no throw Martín Flores to third | Batting: LHB Myron Reynolds | 0-0: Called Strike Gus Price steals 2nd base 0-1: Ball 1-1: SINGLE (Groundball, 4MD) Martín Flores scores Gus Price to third | Batting: RHB Tim Church | 0-0: Fly out, F9 (Line Drive, 9) Runner from 3rd tags up, SCORES, no throw | Pitching: LHP Christian Barnes | | Batting: RHB Kenny Miller | 0-0: Called Strike 0-1: Fly out, F4 (Flyball, 4D) | Top of the 9th over - 3 runs, 2 hits, 1 error, 1 left on base; Washington DC 5 - Rancho Cucamonga 1 | BOTTOM OF THE 9TH |
---|
Rancho Cucamonga Sick Monkeys batting - Pitching for Washington DC Hot Sauce : RHP Lyndon Dixon | Pitching: RHP Bryce Borrell | | Now at C: Martín Flores | | Batting: SHB Jimmy Mayer | 0-0: Ball 1-0: Foul Ball, location: 2F 1-1: Ball 2-1: SINGLE (Flyball, 9LS) | Batting: LHB Kevin Hatcher | 0-0: Ball 1-0: SINGLE (Flyball, 7S) Jimmy Mayer to second | Batting: LHB Ed Ballard | 0-0: Fly out, F9 (Flyball, 9S) | Batting: LHB Terry Barton | 0-0: SINGLE (Groundball, 25) (infield hit) Jimmy Mayer to third Kevin Hatcher to second | Batting: RHB Hank Brown | 0-0: DOUBLE (Flyball, 89D) Jimmy Mayer scores Kevin Hatcher scores Terry Barton to third | Pinch Hitting: RHB Francisco Gonzáles | 0-0: Called Strike 0-1: Hit by Pitch | Batting: LHB Clarence Bowen | 0-0: Ball 1-0: Foul Ball, location: 2F 1-1: Swinging Strike 1-2: Grounds into fielders choice 4-2 (Groundball, 34) Hank Brown to third Francisco Gonzáles to second | Pinch Hitting: RHB Manny Holguín | 0-0: Ball 1-0: Ball 2-0: SINGLE (Line Drive, 7LM) Hank Brown scores Francisco Gonzáles to third Clarence Bowen to second Runner from 3rd tries for Home, SAFE, no throw | Pitching: RHP Shane Thompson | | Pinch Runner at 2nd Marvin Montgomery: | | Batting: LHB Caden Cleveland | 0-0: Single, Error in OF, E9, batter to second base Marvin Montgomery scores | Saturday, December 16th, 2017 - OOTP Baseball 18.8 Build 76 |
|